 Dungeon Crawl Stone Soup version 0.24-a0-613-g1ff6aac338 (webtiles) character file.

Game seed: 653071668031247101, levelgen mode: deterministic

18 Peloso the Shield-Bearer (level 2, -3/27 HPs)
             Began as a Minotaur Fighter on Sept 11, 2019.
             Slain by a gnoll
             ... wielding a +0 club
              (7 damage)
             ... on level 2 of the Dungeon.
             The game lasted 00:01:17 (486 turns).

Peloso the Shield-Bearer (Minotaur Fighter)          Turns: 486, Time: 00:01:18

Health: -3/27      AC:  7    Str: 20    XL:     2   Next: 51%
Magic:  1/1        EV:  7    Int:  5    God:
Gold:   57         SH: 10    Dex: 12    Spells: 1/1 levels left

rFire    + . .     SeeInvis .   a - +0 long sword
rCold    x . .     Gourm    .   c - +1 shield
rNeg     . . .     Faith    .   b - +0 scale mail
rPois    .         Spirit   .   (helmet restricted)
rElec    .         Reflect  .   (no cloak)
rCorr    .         Harm     .   (no gloves)
MR       .....                  (no boots)
Stlth    ..........             (no amulet)
HPRegen  0.09/turn              h - ring of fire
MPRegen  0.07/turn              i - +3 ring of dexterity

@: no status effects
A: retaliatory headbutt, horns 2
a: no special abilities


You were on level 2 of the Dungeon.
You were not hungry.

You visited 1 branch of the dungeon, and saw 2 of its levels.

You collected 57 gold pieces.

Inventory:

Hand Weapons
 a - a +0 long sword (weapon)
Armour
 b - a +0 scale mail (worn)
 c - a +1 shield (worn)
Jewellery
 h - a ring of fire (left hand)
 i - a +3 ring of dexterity (right hand)
Potions
 d - a potion of might
 e - 2 potions of mutation {unknown}
 g - a potion of degeneration {unknown}
Comestibles
 f - 3 rations


   Skills:
 + Level 3.9 Fighting
 + Level 2.4 Long Blades
 + Level 3.8 Armour
 + Level 4.3 Shields


You had one spell level left.
You didn't know any spells.
Your spell library was empty.

Dungeon Overview and Level Annotations

Branches:
Dungeon (2/15)

Altars:


Innate Abilities, Weirdness & Mutations

You reflexively headbutt those who attack you in melee.
You have a pair of horns on your head.


Message History

4 gnolls come into view.
The gnoll shouts! x3
Found a ruby potion, 10 gold pieces and a pair of gloves.
There is a stone staircase leading up here.
A worm comes into view.
The gnoll throws a throwing net.
The throwing net hits you.
You become entangled in the net!
The gnoll completely misses you. You furiously retaliate!
You headbutt the gnoll!
You struggle against the net.
The gnoll hits you but does no damage. x2
You struggle against the net.
The gnoll hits you but does no damage. x2
You struggle against the net.
The gnoll hits you from afar with a +0 spear.
The gnoll hits you with a +0 club.
The gnoll hits you from afar with a +0 halberd.
The worm bites you.
You rip the net and break free!
The gnoll hits you from afar with a +0 spear!
* * * LOW HITPOINT WARNING * * *
The gnoll hits you but does no damage. The gnoll hits you with a +0 club!
You die...

#[.........
###..!....$..
............
#.........
#........
#.g.g..# #
#..gg..#....
#@w......
####..... ...
.


You could see a worm and 4 gnolls.

Vanquished Creatures
  An ooze (D:1)
  A leopard gecko (D:1)
  A giant cockroach (D:1)
  2 hobgoblins (D:1)
  A kobold (D:1)
  3 bats (D:1)
  3 frilled lizards (D:1)
  A goblin (D:1)
  A rat (D:1)
14 creatures vanquished.

Notes
Turn   | Place    | Note
-------+----------+-------------------------------------------
     0 | D:1      | Peloso the Minotaur Fighter began the quest for the Orb.
     0 | D:1      | Reached XP level 1. HP: 19/19 MP: 0/0
   124 | D:1      | Reached skill level 4 in Shields
   124 | D:1      | Reached XP level 2. HP: 27/27 MP: 1/1
   486 | D:2      | Slain by a gnoll

Levels and vault maps discovered:
D:1:      lemuel_arrival_muddy, layout_rooms
D:2:      layout_basic, minitemple, grunt_ministairs_5,
          minmay_fractal_squares_5, uniq_robin, uniq_sigmund

Skill      XL: |  1 |
---------------+----+-----
Shields        | 4 |  4.3
Fighting       | |  3.9
Long Blades    | |  2.4
Armour         | |  3.8

Action                   || total
-------------------------++-------
Melee: Long sword        ||    34
       Headbutt          ||     8
  Use: Scroll            ||     1
       Potion            ||     1
Armor: Scale mail        ||    22
Dodge: Dodged            ||    16
Block: Shield            ||    26
       Rpst.: Long sword ||     6

Table legend:
 A = Non-vault XP
 B = Vault XP
 C = Vault XP percentage of total XP
 D = Non-vault monster count
 E = Vault monster count
 F = Vault count percentage of total count
                 A         B        C        D         E       F
            +---------+---------+-------+---------+---------+-------
      Total |      27 |       0 |   0.0 |      14 |       0 |   0.0
            +---------+---------+-------+---------+---------+-------
        D:1 |      27 |       0 |   0.0 |      14 |       0 |   0.0
            +---------+---------+-------+---------+---------+-------
